 Seeded DCSS version 0.27.1-3-gb3d3a73c9e (webtiles) character file.

Game seed: 20211021 (custom seed)

28 jessy the Ducker (level 3, -1/28 HPs)
             Began as a Djinni Gladiator on Oct 21, 2021.
             Slain by Sigmund (9 damage)
             ... on level 2 of the Dungeon.
             The game lasted 00:04:13 (1415 turns).

jessy the Ducker (Djinni Gladiator)                 Turns: 1415, Time: 00:04:14

Health: -1/28      AC:  7    Str: 14    XL:     3   Next: 30%
Gold:   15         EV: 12    Int:  9    God:
                   SH:  5    Dex: 14

rFire    + + .     SeeInvis .   k - +0 whip
rCold    x . .     Faith    .   (no shield)
rNeg     . . .     Spirit   .   n - +0 ring mail
rPois    ∞         Reflect  +   b - +0 helmet
rElec    .         Harm     .   f - +0 cloak
rCorr    .         Rampage  .   (no gloves)
Will     .....                  (boots unavailable)
Stlth    +.........             d - amulet of reflection
HPRegen  0.09/turn              (no ring)
MPRegen  0.00/turn              (no ring)

@: flying
A: sickness immunity, fire resistance 2, cold vulnerability 1, float, innate
caster, hp casting, extra vitality 1
a: no special abilities


You were on level 2 of the Dungeon.
You visited 1 branch of the dungeon, and saw 2 of its levels.

You collected 15 gold pieces.

Inventory:

Hand Weapons
 g - a +0 club
 k - a +0 whip (weapon)
Missiles
 c - 3 throwing nets (quivered)
 h - 25 stones
 m - 15 poisoned darts
Armour
 a - a +0 leather armour
 b - a +0 helmet (worn)
 f - a +0 cloak (worn)
 n - a +0 ring mail (worn)
 o - a +1 pair of boots
Jewellery
 d - an amulet of reflection (around neck)
Scrolls
 e - a scroll of amnesia {unknown}
 i - 2 scrolls of teleportation {unknown}
 l - a scroll of identify {unknown}
Potions
 j - 2 potions of attraction {unknown}


   Skills:
 + Level 2.1 Fighting
 + Level 0.4 Maces & Flails
 + Level 1.5 Throwing
 + Level 0.9 Armour
 + Level 3.8 Dodging
 + Level 0.3 Shields
 + Level 3.2 Unarmed Combat


You had one spell level left.
You knew the following spells:

 Your Spells              Type           Power      Damage    Failure   Level
a - Animate Skeleton      Necr           0%         N/A       63%         1
Your spell library was empty.

Dungeon Overview and Level Annotations

Branches:
Dungeon (2/15)

Altars:

Shops:
D:1 ?

Annotations:
D:2 Sigmund


Innate Abilities, Weirdness & Mutations

You are immune to sickness and miasma.
You are immune to poison.
Your flesh is very heat resistant. (rF++)
You are vulnerable to cold. (rC-)
You float through the air rather than walking.
You learn spells naturally, not from books.
Your magical power is your life essence.
You have superior vitality. (+4 HP)


Message History

Sigmund flickers and vanishes!
Deactivating autopickup; reactivate with Ctrl-A.
You block the bat's attack.
You hit the bat.
The bat is severely wounded.
The bat barely misses you. You block the bat's attack.
The bat hits you but does no damage.
You hit the bat but do no damage.
The bat is severely wounded.
The bat hits you but does no damage.
A magic dart appears from out of thin air!
The magic dart hits you. You block the bat's attack.
A goblin comes into view. It is wielding a +0 dagger.
The bat hits you but does no damage.
Found 16 stones.
Found a stone staircase leading down.
The bat hits you but does no damage.
Found a faded altar of an unknown god.
The bat hits you but does no damage.
A magic dart appears from out of thin air!
The magic dart hits you but does no damage.
The bat hits you but does no damage. The bat hits you but does no damage.
The bat barely misses you.
You hear some strange, mumbled words.
A puff of flame appears from out of thin air!
The puff of flame hits you. You resist. The goblin closely misses you.
Something hits you but does no damage. The bat hits you but does no damage.
You hit something but do no damage. The bat barely misses you.
The goblin hits you but does no damage.
You hear some strange, mumbled words.
A magic dart appears from out of thin air!
The magic dart hits you.
You miss something. The bat hits you but does no damage.
The goblin closely misses you. Something hits you.
The bat completely misses you.
You barely miss something. The bat barely misses you.
The goblin hits you with a +0 dagger.
* * * LOW HITPOINT WARNING * * *
Something hits you!
You die...

... ..<
.###..###... #.#
(......... # #.##
#........# #.#...
#........###
#.#w#._#....##.....
#...##.b........#
###.#####..g..#
#.....w{@..#
#.######..## #.#
#..# #.# #.... #.#
..>### #.# #.##...#
#.# #. ###.# #.# #.
#.# # #.# #.## #.#
.#


You could see a worm, a goblin and a bat.

Vanquished Creatures
  An adder (D:2)
  3 ball pythons
  2 bats
  2 giant cockroaches
  A goblin (D:2)
  3 hobgoblins
  3 frilled lizards
  2 kobolds (D:1)
17 creatures vanquished.

Notes
Turn   | Place    | Note
-------+----------+-------------------------------------------
     0 | D:1      | jessy the Djinni Gladiator began the quest for the Orb.
     0 | D:1      | Reached XP level 1. HP: 18/18 MP: 0/0
   117 | D:1      | Found Gecead's Magic Scroll Emporium.
   427 | D:1      | Reached XP level 2. HP: 9/23 MP: 0/0
  1169 | D:2      | Reached XP level 3. HP: 17/28 MP: 0/0
  1169 | D:2      | Learned a level 1 spell: Animate Skeleton
  1390 | D:2      | Noticed Sigmund
  1408 | D:2      | Found a faded altar of an unknown god.
  1415 | D:2      | Slain by Sigmund

Illustrated notes

Levels and vault maps discovered:
D:1:      denvon_arrival_waterhouse, layout_rooms, serial_shops, shop_statue,
          minmay_misc_feat_roman
D:2:      layout_loops_ring, hellmonk_ecumenical_altar_lost_god,
          serial_bayou_lagoon_a, uniq_sigmund

Action                   || total
-------------------------++-------
Melee: Unarmed           ||    16
       Whip              ||    78
       Club              ||    11
       Punch             ||     2
Armor: Leather armour    ||    14
       Ring mail         ||    37
Dodge: Dodged            ||    93
Block: Other             ||    27
